 Dungeon Crawl Stone Soup version 0.18-a0-846-g91b95b1 (webtiles) character file.

113 Kolbur the Skirmisher (level 5, -3/33 HPs)
             Began as a Kobold Berserker on Dec 20, 2015.
             Was a Follower of Trog.
             Killed by divine providence
             ... invoked by an orc priest
              (12 damage)
             ... on level 4 of the Dungeon.
             The game lasted 00:09:07 (498 turns).

Kolbur the Skirmisher (Kobold Berserker)             Turns: 498, Time: 00:09:07

Health: -3/33      AC:  8    Str: 16    XL:     5   Next: 17%
Magic:  14/14      EV: 15    Int:  5    God:    Trog [*.....]
Gold:   56         SH:  0    Dex: 16    Spells: 0 memorised, 4 levels left

rFire  . . .     SeeInvis .     k - +0 flail
rCold  . . .     Gourm    .     f - +0 chain mail (curse)
rNeg   . . .     Faith    .     (shield restricted)
rPois  .         Spirit   .     (no helmet)
rElec  .         Dismiss  .     (no cloak)
rCorr  .         Reflect  .     (no gloves)
SustAt .         Harm     .     (no boots)
MR     .....                    (no amulet)
Stlth  ..........               j - ring of magical power
                                d - +5 ring of evasion

@: exhausted, not resistant to hostile enchantments, extremely unstealthy
A: carnivore 3
a: Berserk, Burn Spellbooks, Renounce Religion


You were on level 4 of the Dungeon.
You worshipped Trog.
Trog was aware of your devotion.
You were not hungry.

You visited 1 branch of the dungeon, and saw 4 of its levels.

You collected 56 gold pieces.

Inventory:

Hand Weapons
 a - a +0 short sword
 g - a +0 mace
 k - a +0 flail (weapon)
 l - a cursed -3 rapier
Missiles
 n - 16 stones (quivered)
Armour
 f - a cursed +0 chain mail (worn)
Jewellery
 d - a +5 ring of evasion (left hand)
 j - a ring of magical power (right hand)
Scrolls
 b - a scroll of teleportation {unknown}
 h - a scroll of identify {unknown}
 i - a scroll of magic mapping {unknown}
 m - a scroll of remove curse {unknown}
Potions
 e - a potion of curing
Comestibles
 c - 2 meat rations


   Skills:
 - Level 4.1 Fighting
 - Level 4.0 Short Blades
 + Level 2.6 Maces & Flails
 - Level 1.5 Armour
 - Level 3.4 Dodging
 - Level 2.0 Stealth


You had 4 spell levels left.
You didn't know any spells.

Dungeon Overview and Level Annotations

Branches:
Dungeon (4/15)
 Temple: D:4-7

Altars:

Annotations:
D:4 cireshan's ghost, amateur DECj


Innate Abilities, Weirdness & Mutations

You are small and have problems with some larger weapons.
You are carnivorous and can eat meat at any time.


Message History

The orc hits you but does no damage. The orc closely misses you.
The orc priest completely misses you.
You hit the orc priest.
The orc priest is almost dead.
The orc misses you. The orc barely misses you. The orc completely misses you.
The orc priest invokes the aid of Beogh against you.
You barely resist. The orc hits you.
You barely miss the orc priest.
The orc priest is almost dead.
The orc misses you. The orc closely misses you.
The orc priest closely misses you. The orc hits you but does no damage.
You barely miss the orc priest.
The orc priest is almost dead.
The orc closely misses you. The orc priest closely misses you.
The orc hits you with a mace.
* * * LOW HITPOINT WARNING * * *
The orc barely misses you. The orc misses you.
The orc priest mumbles some strange prayers to Beogh against you.
Something smites you!
You die...

# ############## #. #
.o......(....# ##.
.o....##.#.#.#######.#
.o..................#
###....#.#.######..###
#.#oo...........#.#.
#..#@##.########..<..
#..oo................
#....##.########...##
...(..#..#########.###
.........#.......# #.# #
#.#.....########.###.###
# ##....# #...##..##.
##.#.# #.####.###. ##.#
##.####.# #.


You could see an orc priest and 3 orcs.

Vanquished Creatures
  An iguana (D:4)
  A hound (D:4)
  An orc priest (D:4)
  2 adders (D:2)
  2 orcs
  2 bats (D:1)
  2 goblins (D:1)
  A hobgoblin (D:2)
  A quokka (D:2)
  A giant newt (D:2)
  2 kobolds
  3 rats (D:1)
19 creatures vanquished.

Notes
Turn   | Place    | Note
--------------------------------------------------------------
     0 | D:1      | Kolbur the Kobold Berserker began the quest for the Orb.
     0 | D:1      | Reached XP level 1. HP: 14/14 MP: 1/1
    53 | D:1      | Reached skill level 1 in Stealth
    96 | D:1      | Reached XP level 2. HP: 14/19 MP: 2/2
   292 | D:2      | Reached XP level 3. HP: 23/23 MP: 3/3
   329 | D:4      | Noticed cireshan's ghost (amateur DECj)
   399 | D:4      | Reached skill level 1 in Maces & Flails
   399 | D:4      | Reached XP level 4. HP: 29/29 MP: 4/4
   487 | D:4      | Reached XP level 5. HP: 23/33 MP: 5/5
   498 | D:4      | Killed from afar by an orc priest

Vault maps used:
D:1:      dpeg_arrival_subterranean_lakeside_camping, nrook_loot_triangle,
          minivault_11
D:2:      kennysheep_goblin_castle, lemuel_zombie_altar_kikubaaqudgha,
          first_bread, minivault_25
D:3:      minitemple

Action                   |  1- 3 |  4- 6 || total
-------------------------+-------+-------++-------
Melee: Short sword       |    56 |     3 ||    59
       Flail             |       |    18 ||    18
Invok: Berserk           |     4 |     1 ||     5
  Use: Potion            |       |     1 ||     1
 Stab: Sleeping          |     2 |       ||     2
  Eat: Chunk             |     4 |     2 ||     6

Vault maps used:
D:1:      dpeg_arrival_subterranean_lakeside_camping, nrook_loot_triangle,
          minivault_11
D:2:      kennysheep_goblin_castle, lemuel_zombie_altar_kikubaaqudgha,
          first_bread, minivault_25
D:3:      minitemple

Table legend:
 A = Turns spent in this place as a percentage of turns spent in the entire game.
 B = Non-inter-level travel turns spent in this place as a percentage of non-inter-level travel turns spent in the entire game.
 C = Inter-level travel turns spent in this place as a percentage of turns spent in this place.
 D = Turns resting spent in this place as a percentage of non-inter-level travel turns spent in this place.
 E = Turns spent auto-exploring this place as a percentage of non-inter-level travel turns spent in this place.
 F = Non-inter-level travel turns spent in this place divided by the number of levels of this place that you've seen.
                   A       B       C       D       E      F
               +-------+-------+-------+-------+-------+----------------------
         Total | 100.0 | 100.0 |   0.0 |   0.0 |   0.0 | 139.2
       Dungeon | 100.0 | 100.0 |   0.0 |   0.0 |   0.0 | 139.2
               +-------+-------+-------+-------+-------+----------------------
